 Dungeon Crawl Stone Soup version 0.25.1-9-gc5326a611f (webtiles) character file.

Game seed: 4975311775692191376

49 AylatheWolf the Shield-Bearer (level 4, -1/35 HPs)
             Began as a Human Fighter on Feb 12, 2021.
             Was a Plaything of Xom.
             Killed by divine providence
             ... invoked by an orc priest
              (16 damage)
             ... on level 3 of the Dungeon.
             The game lasted 00:09:39 (1568 turns).

AylatheWolf the Shield-Bearer (Human Fighter)       Turns: 1568, Time: 00:09:40

Health: -1/35      AC:  3    Str: 16    XL:     4   Next: 1%
Magic:  4/4        EV:  9    Int:  9    God:    Xom [..*...]
Gold:   90         SH:  9    Dex: 13    Spells: 3/3 levels left

rFire    . . .     SeeInvis .   a - +0 long sword
rCold    . . .     Gourm    .   c - +0 kite shield
rNeg     . . .     Faith    .   q - +0 leather armour (curse)
rPois    .         Spirit   .   (no helmet)
rElec    .         Reflect  .   (no cloak)
rCorr    .         Harm     .   (no gloves)
MR       .....                  (no boots)
Stlth    +.........             (no amulet)
HPRegen  0.11/turn              (no ring)
MPRegen  0.09/turn              (no ring)

@: no status effects
A: no striking features
a: Renounce Religion


You were on level 3 of the Dungeon.
You worshipped Xom.
You were a toy of Xom.
You were very hungry.

You visited 1 branch of the dungeon, and saw 3 of its levels.

You collected 90 gold pieces.

Inventory:

Hand Weapons
 a - a +0 long sword (weapon)
Armour
 b - a +0 scale mail
 c - a +0 kite shield (worn)
 g - a +0 ring mail of cold resistance
 j - a +0 scale mail
 q - a cursed +0 leather armour (worn)
Scrolls
 e - a scroll of blinking {unknown}
 i - a scroll of remove curse {unknown}
 k - 2 scrolls of identify {unknown}
 n - a scroll of noise {unknown}
Potions
 d - a potion of might
 h - a potion of brilliance {unknown}
 l - a potion of haste {unknown}
 m - a potion of heal wounds {unknown}
 o - a potion of curing {unknown}
 p - a potion of magic {unknown}
Comestibles
 f - 2 rations


   Skills:
 + Level 3.4 Fighting
 + Level 2.4 Long Blades
 + Level 3.2 Armour
 + Level 0.4 Dodging
 + Level 3.6 Shields


You had 3 spell levels left.
You didn't know any spells.
Your spell library was empty.

Dungeon Overview and Level Annotations

Branches:
Dungeon (3/15)

Altars:
Xom


Message History

An orc wizard comes into view. It is wielding a +0 dagger.
The orc wizard shouts!
A bat comes into view.
You block the orc's attack.
An orc comes into view.
The orc moves out of view.
The orc wizard casts a spell.
The orc wizard flickers and vanishes!
Deactivating autopickup; reactivate with Ctrl-A.
An orc priest comes into view. It is wielding a +0 mace.
Your shield prevents you from hitting the orc.
The orc priest begins to cast a cantrip, but forgets the words!
The orc hits you but does no damage. The orc priest hits you with a +0 mace.
You hit the orc priest.
The orc priest is lightly wounded.
The orc priest mumbles some strange prayers to Beogh against you.
Beogh smites you!
You die...
Xom guffaws!

#)########
#######.####### #.#
..........)...# #.#
.######.#####.# #..
...#.# #.# #.# ##
####.#.# #.# #.# b.
#......#####.# #.# .#
#.##.........####.###.#
###......o@o.o.o...#
#†####..#######.o.# #.#
#...... #...# #.#
##...#.# .#.... #.#
###.# # # o.. #.# .# ##
##.######.# #
#.........# #.
#.^#####..


You could see an orc priest and 3 orcs.

Vanquished Creatures
  A worm (D:3)
  A dart slug (D:1)
  A leopard gecko (D:3)
  5 orcs (D:3)
  7 bats
  A giant cockroach (D:2)
  2 goblins (D:1)
  6 hobgoblins (D:1)
  5 kobolds (D:1)
  A ball python (D:2)
  A frilled lizard (D:1)
  5 rats
36 creatures vanquished.

Notes
Turn   | Place    | Note
-------+----------+-------------------------------------------
     0 | D:1      | AylatheWolf the Human Fighter began the quest for the Orb.
     0 | D:1      | Reached XP level 1. HP: 18/18 MP: 1/1
   165 | D:1      | Reached XP level 2. HP: 24/24 MP: 2/2
   169 | D:1      | Found a shimmering altar of Xom.
   301 | D:1      | Became a worshipper of Xom of Chaos
   303 | D:1      | XOM: silly message
   472 | D:1      | XOM: silly message
   542 | D:1      | Reached XP level 3. HP: 29/29 MP: 3/3
   919 | D:1      | XOM: 5-stop teleportation journey
  1512 | D:3      | Reached XP level 4. HP: 11/35 MP: 4/4
  1568 | D:3      | Killed from afar by an orc priest

Illustrated notes

Levels and vault maps discovered:
D:1:      onia_arrival_pentagram, layout_loops_cross, xom_teletrap_fun
D:2:      layout_basic, nicolae_ru_the_path_less_chosen, minmay_split_cup_small,
          uniq_terence
D:3:      cheibrodos_greedy_goblins, layout_loops_ring, first_ration,
          palyth_stone_intersect, uniq_ijyb

Action                   |  1- 3 |  4- 6 || total
-------------------------+-------+-------++-------
Melee: Long sword        |   111 |     2 ||   113
  Eat: Chunk             |     1 |       ||     1
Armor: Scale mail        |    50 |       ||    50
       Leather armour    |    11 |       ||    11
       Ring mail         |    10 |       ||    10
Dodge: Dodged            |    69 |       ||    69
Block: Kite shield       |   109 |     1 ||   110
       Rpst.: Long sword |    23 |       ||    23
